AoeStats
← bigchipp77

MegaRandom

509712148Analyzed
2v2 RM · 5d ago on Sep 27, 2026· 55m 25s· 4 players
Game mode
Random Map
Map size
Medium (4 player)
Population
200
Speed
Normal
Resources
Standard
Victory
Conquest
Starting age
Dark Age
Ending age
Imperial Age
RankedLock teamsTeams togetherTeam positionsShared explorationLock speedFull tech treeHidden civsTurbo modeCheats
Victory
Defeat
🇫🇷 Franks · France
765
+19
🇫🇷 Hindustanis · France
742
+20
🇺🇸 Bengalis · United States
832
-50
🇨🇱 Romans · Chile
818
-19
bigchipp77
4:15 Loom
13:45 Feudal Age
14:21 Double-Bit Axe
15:17 Wheelbarrow
15:09 Town Watch
18:00 Horse Collar
24:52 Castle Age
23:12 Fletching
27:10 Medium Warships
28:18 Bodkin Arrow
29:16 Bow Saw
34:39 Imperial Age
32:56 Ballistics
36:39 Chemistry
35:47 Bracer
36:50 Heavy Warships
✟ L¥N V ✟
11:42 Loom
13:29 Feudal Age
20:12 Castle Age
18:35 Double-Bit Axe
18:44 Gold Mining
18:36 Horse Collar
23:03 Scale Mail Armor
28:53 Wheelbarrow
29:39 Fletching
30:16 Hand Cart
30:24 Bodkin Arrow
31:46 Pikeman
32:50 Chain Mail Armor
37:26 Forging
39:58 Imperial Age
38:27 Ballistics
39:32 Man-at-Arms
40:14 Squires
40:30 Long Swordsman
40:32 Halberdier
42:03 Legionary
43:29 Iron Casting
43:33 Gold Shaft Mining
44:14 Conscription
tonin83w
10:17 Feudal Age
15:25 Castle Age
13:44 Double-Bit Axe
22:44 Scale Barding Armor
22:50 Forging
27:16 Gold Mining
28:40 Chain Barding Armor
28:56 Iron Casting
29:05 Medium Warships
35:29 Imperial Age
35:44 Cavalier
37:29 Plate Barding Armor
37:23 Bow Saw
38:14 Husbandry
38:20 Husbandry
40:33 Gold Shaft Mining
42:28 Blast Furnace
48:12 Paladin
51:04 Chemistry
50:26 Ballistics
51:16 Heavy Mounted Crossbowman
51:17 Cranequins
53:48 Padded Archer Armor
53:38 Fletching
55:13 Bodkin Arrow
55:33 Leather Archer Armor
BakalaStapS
5:01 Loom
9:55 Feudal Age
11:29 Wheelbarrow
10:52 Double-Bit Axe
11:05 Horse Collar
13:13 Gold Mining
16:37 Loom
22:30 Castle Age
22:02 Scale Barding Armor
22:08 Forging
22:01 Stone Mining
24:35 Bow Saw
25:03 Medium Warships
25:35 Caravan
28:10 Hand Cart
28:20 Demolition Ship
35:54 Coinage
39:09 Imperial Age
37:04 Chain Barding Armor
37:20 Iron Casting
36:47 Padded Archer Armor
39:20 Fishing Lines
39:23 Heavy Camel Rider
40:03 Husbandry
40:14 Bloodlines
40:46 Plate Barding Armor
41:11 Blast Furnace
40:02 Fletching
40:27 Leather Archer Armor
40:13 Scale Mail Armor
42:22 Heavy Warships
41:56 Gillnets
43:26 Imperial Camel Rider
51:26 Chemistry
50:53 Ballistics
50:47 Siege Engineers
51:40 Clinker Construction
51:44 Careening
Connection lost

Rejoining the realm…

Still unreachable

The connection could not be restored.

Session expired

The server has moved on; the page needs a fresh start.